 Dungeon Crawl Stone Soup version 0.29.1-2-gbd0b4ee654 (webtiles) character file.

Game seed: 13074772614155101995

96 JayTehDuck the Chopper (level 4, 0/37 HPs)
             Began as a Draconian Gladiator on Nov 8, 2022.
             Slain by a worm (6 damage)
             ... on level 3 of the Dungeon.
             The game lasted 00:03:40 (2048 turns).

JayTehDuck the Chopper (Draconian Gladiator)        Turns: 2048, Time: 00:03:42

Health: 0/37       AC:  5    Str: 19    XL:     4   Next: 41%
Magic:  4/4        EV: 10    Int:  8    God:
Gold:   85         SH:  6    Dex: 12    Spells: 3/3 levels left

rFire   . . .      SeeInvis .   a - +0 war axe
rCold   . . .      Faith    .   o - +0 kite shield
rNeg    . . .      Spirit   .   (body armour unavailable)
rPois   .          Reflect  .   b - +0 hat
rElec   .          Harm     .   (no cloak)
rCorr   .          Rampage  .   (no gloves)
Will    .....                   (no boots)
Stlth   +.........              (no amulet)
HPRegen 0.12/turn               (no ring)
MPRegen 0.09/turn               (no ring)

@: no status effects
A: AC +5, unfitting armour, cold-blooded
a: no special abilities


You were on level 3 of the Dungeon.
You visited 1 branch of the dungeon, and saw 3 of its levels.

You collected 85 gold pieces.

Inventory:

Hand Weapons
 a - a +0 war axe (weapon)
Missiles
 c - 3 throwing nets (quivered)
 d - a javelin
Armour
 b - a +0 hat (worn)
 o - a +0 kite shield (worn)
Scrolls
 e - a scroll of teleportation {unknown}
 f - 4 scrolls of enchant weapon {unknown}
 i - a scroll of silence {unknown}
 k - 3 scrolls of identify {unknown}
 l - a scroll of enchant armour {unknown}
 m - 3 scrolls of magic mapping {unknown}
 n - a scroll of noise {unknown}
Potions
 g - 2 potions of berserk rage {unknown}
 h - a potion of ambrosia {unknown}
 j - a potion of heal wounds {unknown}


   Skills:
 + Level 2.8 Fighting
 + Level 4.4 Axes
 + Level 1.8 Throwing
 + Level 3.3 Dodging
 + Level 0.3 Stealth


You had 3 spell levels left.
You didn't know any spells.
Your spell library was empty.

Dungeon Overview and Level Annotations

Branches:
Dungeon (3/15)

Altars:
Yredelemnul

Annotations:
D:3 Robin


Innate Abilities, Weirdness & Mutations

Your plain brown scales are hard. (AC +5)
You cannot fit into any form of body armour.
You are cold-blooded and may be slowed by cold attacks.


Message History

Robin laughs in a distinctly smug fashion.
Robin throws the goblin at you! The worm bites you but does no damage.
You barely miss the hobgoblin. You barely miss the goblin. You hit the worm.
The hobgoblin hits you. The goblin closely misses you. The hobgoblin hits you.
The goblin barely misses you. You block the worm's attack.
You barely miss the hobgoblin. You hit the worm. You closely miss the goblin.
The hobgoblin no longer looks unusually strong.
The hobgoblin barely misses you. The goblin hits you but does no damage.
Robin throws the goblin at you! The worm bites you but does no damage.
You hit the hobgoblin but do no damage. You hit the worm.
You hit the goblin but do no damage. x2
The hobgoblin no longer looks unusually strong.
The hobgoblin hits you. The goblin hits you but does no damage.
The goblin closely misses you. The goblin barely misses you.
The hobgoblin hits you but does no damage.
Robin roars a battlecry!
The hobgoblins go into a battle-frenzy!
The goblin hits you but does no damage. The worm bites you.
You hit the hobgoblin but do no damage. You closely miss the goblin.
You completely miss the worm. You hit the goblin but do no damage.
The hobgoblin hits you.
* * * LOW HITPOINT WARNING * * *
The goblin hits you but does no damage. The goblin barely misses you.
You closely miss the hobgoblin. You hit the worm. You hit the goblin.
You closely miss the goblin.
The goblin no longer looks unusually strong.
The hobgoblin hits you.
* * * LOW HITPOINT WARNING * * *
The goblin hits you but does no damage. x2; You block the worm's attack.
The goblin hits you with a +0 club.
* * * LOW HITPOINT WARNING * * *
The hobgoblin hits you but does no damage.
You block the goblin's attack.
You hit the hobgoblin but do no damage. You barely miss the worm.
You hit the goblin.
You kill the goblin!
You barely miss the goblin. The hobgoblin barely misses you.
You block the goblin's attack. Robin throws the goblin at you!
The worm bites you.
You die... ###### ..... .... ...## ggg.

g.# . ####+ #g# ...
###....####@##.....
..........ggw>.....
###.....###.#......
########.#
#...#####
#<.....#.# ###.#
####.###.# .#
#.....# # #######


You could see a worm, Robin, 3 hobgoblins and 3 goblins.

Vanquished Creatures
  4 adders (D:2)
  3 ball pythons
  3 bats (D:1)
  6 endoplasms
  4 giant cockroaches
  8 goblins
  5 hobgoblins
  7 jackals
  3 quokkas
  A frilled lizard (D:2)
  3 kobolds
  6 rats
53 creatures vanquished.

Notes
Turn   | Place    | Note
-------+----------+-------------------------------------------
     0 | D:1      | JayTehDuck the Draconian Gladiator began the quest for the
                  | Orb.
     0 | D:1      | Reached XP level 1. HP: 17/17 MP: 1/1
   179 | D:1      | Reached XP level 2. HP: 9/24 MP: 2/2
   920 | D:1      | Found a faded altar of an unknown god.
  1205 | D:2      | Reached XP level 3. HP: 27/30 MP: 3/3
  1334 | D:2      | Reached skill level 4 in Axes
  1458 | D:2      | Reached XP level 4. HP: 28/37 MP: 4/4
  1639 | D:2      | Found a basalt altar of Yredelemnul.
  2036 | D:3      | Noticed Robin
  2048 | D:3      | Slain by a worm

Illustrated notes

Levels and vault maps discovered:
D:1:      dpeg_arrival_boxorama, layout_basic,
          hellmonk_ecumenical_altar_leap_of_faith, kennysheep_minor_cross
D:2:      layout_rooms, basic_altar
D:3:      layout_basic, hex_medium, uniq_jessica, uniq_robin, uniq_terence

Skill      XL: |  1  2  3 |
---------------+----------+-----
Dodging        | 3 |  3.3
Axes           | 4 |  4.4
Fighting       | |  2.8
Throwing       | |  1.8
Stealth        | |  0.3

Action                   |  1- 3 |  4- 6 || total
-------------------------+-------+-------++-------
Melee: War axe           |    93 |    49 ||   142
       Tailslap          |    10 |     4 ||    14
Armor: Skin              |    48 |    28 ||    76
Dodge: Dodged            |    83 |    40 ||   123
Block: Kite shield       |       |     6 ||     6
